 Dungeon Crawl Stone Soup version 0.31-a0-408-gb642c7f9a3 (webtiles) character file.

Game seed: 16244574292665813753

353 mopl the Slasher (level 6, -8/49 HPs)
             Began as a Merfolk Fighter on July 28, 2023.
             Mangled by an orc warrior
             ... wielding a +0 glaive
              (20 damage)
             ... on level 4 of the Dungeon on July 29, 2023.
             The game lasted 00:03:26 (1913 turns).

mopl the Slasher (Merfolk Fighter)                  Turns: 1913, Time: 00:03:27

Health: -8/49      AC:  9    Str: 19    XL:     6   Next: 62%
Magic:  6/6        EV:  8    Int:  7    God:
Gold:   125        SH:  4    Dex: 13    Spells: 5/5 levels left

rFire   . . .        b - +2 dagger (venom)
rCold   . . .        c - +0 buckler
rNeg    . . .        v - +0 chain mail
rPois   .            (no helmet)
rElec   .            (no cloak)
rCorr   .            (no gloves)
SInv    +            (no boots)
Will    .....        (no amulet) Stlth
                     m - ring of see invisible
HPRegen 0.28/turn    (no ring)
MPRegen 0.10/turn

%: no passive effects
@: no status effects
A: (nimble swimmer 2), mertail
a: no special abilities


You were on level 4 of the Dungeon.
You visited 1 branch of the dungeon, and saw 4 of its levels.

You collected 125 gold pieces.

Inventory:

Hand Weapons
 a - a +0 long sword
 b - a +2 dagger of venom (weapon)
Missiles
 k - 3 javelins
 n - 6 poisoned darts (quivered)
 q - 7 boomerangs
Armour
 c - a +0 buckler (worn)
 v - a +0 chain mail (worn)
Jewellery
 m - a ring of see invisible (left hand)
 t - a ring of ice
Talismans
 p - a serpent talisman
Scrolls
 e - a scroll of enchant weapon {unknown}
 f - a scroll of summoning {unknown}
 i - 3 scrolls of identify {unknown}
 r - a scroll of immolation {unknown}
 s - a scroll of poison {unknown}
 u - a scroll of fear {unknown}
Potions
 d - a potion of might
 g - a potion of brilliance {unknown}
 j - a potion of cancellation {unknown}
 l - a potion of invisibility
 o - a potion of attraction {unknown}


   Skills:
 + Level 4.6 Fighting
 * Level 5.5 Long Blades
 + Level 3.1 Armour
 + Level 3.4 Dodging
 - Level 3.0 Shields


You had 5 spell levels left.
You didn't know any spells.
Your spell library contained the following spells:

 Spells                   Type           Power      Damage    Failure   Level
 Ensorcelled Hibernation  Hex/Ice        0%         N/A       100%        2
 Passwall                 Tmut/Erth      0%         N/A       100%        2
 Swiftness                Air            0%         N/A       100%        3


Dungeon Overview and Level Annotations

Branches:
Dungeon (4/15)
 Temple: D:4-7

Altars:
Makhleb
Xom

Shops:
D:1 [   D:3 (   D:4 [

Annotations:
D:4 1 runed translucent door, MrCrawl's ghost, novice TeFE


Innate Abilities, Weirdness & Mutations

((You are very nimble when in or above water. (Stealth+, EV+, Speed+++)))
Your lower body shifts to a powerful aquatic tail in water.


Message History

The orc is heavily wounded.
The orc hits you but does no damage.
You barely miss the orc.
The orc is severely wounded.
You hit the orc.
You kill the orc!
No target in view!
q - 7 boomerangs (gained 2)
Items here: )) [[.
There is a stone staircase leading down, spattered with blood here.
Things that are here:
a +0 dagger; 3 stones You start resting.
HP restored.
There is a stone staircase leading down, spattered with blood here.
You climb downwards.
Level annotation: 1 runed translucent door, MrCrawl's ghost, novice TeFE
There is a stone staircase leading up, spattered with blood here.
Okay, then.
You throw a poisoned dart. The poisoned dart hits the orc warrior.
You throw a poisoned dart. The poisoned dart hits the orc warrior.
The orc warrior is poisoned.
You throw a poisoned dart. The poisoned dart hits the orc warrior.
The orc warrior looks even sicker.
The orc warrior hits you with a +0 glaive!!
You hit the orc warrior.
The orc warrior is moderately wounded.
The orc warrior hits you but does no damage.
You completely miss the orc warrior.
The orc warrior is moderately wounded.
You hit the orc warrior but do no damage.
The orc warrior looks as sick as possible!
The orc warrior is moderately wounded.
The orc warrior hits you with a +0 glaive!
* * * LOW HITPOINT WARNING * * *
The orc warrior attacks as you move away!
The orc warrior barely misses you. x2
There is a stone staircase leading up, spattered with blood here.
The orc warrior hits you from afar with a +0 glaive!!
You die...

...##.).#.....# ...#..#.....#
........#.....# ....#..#.....#
..........PPP.+ #....#..#.....#
...........∩P.##+##....#..#.....#
........#..P...........#..#.....#
...##...#..............#..#.....#
...##...#..............#..#.....#
...†....#..............#..'.....#
........#....(o.@......#..#.....#
...##...#...(..........####.....#
... #...#.....######......).#####
.. ....#.....# #........# ..
....#.....# #........# .
....+.....# #........# .
...#.....# #........# #.....
#........+ #........#


You could see an orc warrior (very poisoned).

Vanquished Creatures
  A kobold brigand (D:4)
  A scorpion (D:4)
  A crimson imp (D:3)
  Jessica (D:2)
  2 orc wizards
  3 adders
  2 worms (D:2)
  2 dart slugs
  9 orcs (D:3)
  2 endoplasms (D:1)
  3 giant cockroaches (D:2)
  7 hobgoblins
  4 kobolds
  A quokka (D:1)
  3 ball pythons
  7 bats
  A frilled lizard (D:2)
  4 goblins
  A rat (D:2)
55 creatures vanquished.

Vanquished Creatures (others)
  An orc wizard (D:3)
  An orc (D:3)
2 creatures vanquished.

Grand Total: 57 creatures vanquished

Notes
Turn   | Place    | Note
-------+----------+-------------------------------------------
     0 | D:1      | mopl the Merfolk Fighter began the quest for the Orb.
     0 | D:1      | Reached XP level 1. HP: 18/18 MP: 1/1
   228 | D:1      | Reached XP level 2. HP: 24/24 MP: 2/2
   235 | D:1      | Found Huogabb's Antique Armour Shoppe.
   358 | D:1      | You fall into a shaft and drop 1 floor!
   372 | D:2      | Reached skill level 3 in Long Blades
   372 | D:2      | Reached skill level 1 in Dodging
   382 | D:2      | Reached XP level 3. HP: 17/29 MP: 3/3
   814 | D:2      | Reached XP level 4. HP: 35/37 MP: 4/4
   953 | D:2      | Noticed Jessica
   963 | D:2      | Killed Jessica
   964 | D:2      | Reached skill level 4 in Long Blades
   964 | D:2      | Reached skill level 2 in Dodging
  1088 | D:3      | Found Lioxt's Weapon Shoppe.
  1152 | D:3      | Reached skill level 4 in Fighting
  1152 | D:3      | Reached XP level 5. HP: 10/42 MP: 5/5
  1300 | D:3      | Found a faded altar of an unknown god.
  1433 | D:3      | Found a shimmering altar of Xom.
  1434 | D:3      | Found a burning altar of Makhleb.
  1604 | D:4      | Noticed MrCrawl's ghost (novice TeFE)
  1604 | D:4      | Found a runed translucent door.
  1631 | D:4      | Noticed a kobold brigand
  1641 | D:4      | Killed a kobold brigand
  1642 | D:4      | Reached skill level 5 in Long Blades
  1642 | D:4      | Reached skill level 3 in Armour
  1642 | D:4      | Reached skill level 3 in Dodging
  1642 | D:4      | Reached XP level 6. HP: 38/49 MP: 6/6
  1651 | D:4      | Found Amuodoz's Antique Armour Emporium.
  1684 | D:4      | Noticed an orc warrior
  1717 | D:3      | Upgraded the game from 0.31-a0-369-g8eba5f6939 to
                  | 0.31-a0-408-gb642c7f9a3
  1913 | D:4      | Mangled by an orc warrior

Illustrated notes

Levels and vault maps discovered:
D:1:      lemuel_arrival_river_ford, layout_loops_ring, serial_shops,
          nicolae_shop_advertising_works [nicolae_subvault_shop_adworks]
D:2:      layout_rooms, uniq_jessica
D:3:      layout_rooms, grunt_temple_overflow_champion_of_chaos,
          hellmonk_ecumenical_altar_arch_garden, serial_shops,
          nicolae_shop_window_shopping
D:4:      layout_gridville, kiku_gazebo_garden_becter,
          minmay_temple_entry_overgrown, serial_shops,
          nicolae_shop_overgrown_old_shop, gammafunk_ghost_grave

Skill      XL: |  1  2  3  4  5 |
---------------+----------------+-----
Long Blades    | 3 4 5 |  5.5
Dodging        | 1 2 3 |  3.4
Fighting       | 4 |  4.6
Armour         | 3 |  3.1
Shields        | |  3.0

Action                     |  1- 3 |  4- 6 || total
---------------------------+-------+-------++-------
  Melee: Long sword        |    17 |       ||    17
         Dagger            |    58 |    90 ||   148
         Unarmed           |       |     4 ||     4
  Throw: Dart              |       |     3 ||     3
    Use: Potion            |       |     1 ||     1
   Stab: Invisible         |       |     1 ||     1
 Armour: Scale mail        |    30 |    23 ||    53
         Chain mail        |       |     2 ||     2
  Dodge: Dodged            |    27 |    49 ||    76
  Block: Buckler           |    17 |    14 ||    31

Table legend: (Time is in decaauts)
 A = Elapsed time spent in this place.
 B = Non-inter-level travel time spent in this place.
 C = Inter-level travel time spent in this place.
 D = Time resting spent in this place.
 E = Time spent auto-exploring this place.
 F = Levels seen in this place.
 G = Mean time per level.
                   A        B        C        D        E       F      G
               +--------+--------+--------+--------+--------+-----+--------+
         Total |   1898 |   1844 |     54 |    387 |   1023 |   4 |  474.5 |
       Dungeon |   1898 |   1844 |     54 |    387 |   1023 |   4 |  474.5 |
               +--------+--------+--------+--------+--------+-----+--------+

Top non-repeatable levels by time:
     D:3: 753 daAuts
     D:1: 584 daAuts
     D:2: 445 daAuts
     D:4: 114 daAuts
